 Dungeon Crawl Stone Soup version 0.24.0-13-gcf9b3192b9 (webtiles) character file.

Game seed: 9194658054457105525, levelgen mode: deterministic

12 Iamsoldier the Digger (level 2, 13/15 HPs)
             Began as a Gargoyle Earth Elementalist on Nov 8, 2019.
             Quit the game on level 1 of the Dungeon.
             The game lasted 00:02:00 (936 turns).

Iamsoldier the Digger (Gargoyle Earth Elementalist)  Turns: 936, Time: 00:02:00

Health: 13/15      AC:  4    Str: 11    XL:     2   Next: 33%
Magic:  3/5        EV: 12    Int: 15    God:
Gold:   37         SH:  0    Dex: 10    Spells: 4/5 levels left

rFire    . . .     SeeInvis .   (no weapon)
rCold    . . .     Gourm    .   (no shield)
rNeg     + . .     Faith    .   c - +0 robe
rPois    ∞         Spirit   .   (no helmet)
rElec    +         Reflect  .   (no cloak)
rCorr    .         Harm     .   (no gloves)
MR       .....                  (no boots)
Stlth    ++........             (no amulet)
HPRegen  0.05/turn              (no ring)
MPRegen  0.09/turn              (no ring)

@: no status effects
A: negative energy resistance 1, electricity resistance, unbreathing,
petrification resistance, rot immunity, AC +2
a: no special abilities


You were on level 1 of the Dungeon.
You were not hungry.

You visited 1 branch of the dungeon, and saw 1 of its levels.

You collected 37 gold pieces.

Inventory:

Missiles
 b - 38 stones (quivered)
Armour
 c - a +0 robe (worn)
Scrolls
 a - a scroll of fog {unknown}
 g - 2 scrolls of identify {unknown}
Potions
 e - a potion of curing {unknown}
Comestibles
 d - 2 rations
 f - 2 chunks of flesh


   Skills:
 + Level 0.1 Fighting
 + Level 1.6 Dodging
 + Level 2.2 Stealth
 + Level 0.1 Unarmed Combat
 + Level 2.2 Spellcasting
   Level 0.7 Transmutations
 + Level 4.1 Earth Magic


You had 4 spell levels left.
You knew the following spells:

 Your Spells              Type           Power        Failure   Level  Hunger
a - Sandblast             Erth           ##....       4%          1    #......

Your spell library contained the following spells:

 Spells                   Type           Power        Failure   Level  Hunger
 Passwall                 Tmut/Erth      #.......     12%         2    ###....
 Stone Arrow              Conj/Erth      #.....       28%         3    ###....
 Petrify                  Tmut/Erth      #.......     63%         4    #####..
 Lee's Rapid Deconstruct  Erth           ##........   73%         5    ######.


Dungeon Overview and Level Annotations

Branches:
Dungeon (1/15)

Altars:


Innate Abilities, Weirdness & Mutations

You are resistant to torment.
Your stone body is resilient. (AC +2)
You are immune to poison.
You resist negative energy. (rN+)
You are resistant to electric shocks. (rElec)
You can survive without breathing.
You are immune to petrification.
You are immune to rotting.


Message History

Confirm with . or Enter, or press ? or * to list all spells.
Aiming: Sandblast (safe; 4% risk of failure)
Press: ? - help, Shift-Dir - straight line, f - kobold
Aim: a kobold, wielding a +0 club (moderately wounded)
The blast of sand hits the kobold.
The kobold is heavily wounded.
b - 39 stones The kobold closely misses you.
Casting: Sandblast (safe; 4% risk of failure)
Confirm with . or Enter, or press ? or * to list all spells.
Aiming: Sandblast (safe; 4% risk of failure)
Press: ? - help, Shift-Dir - straight line, f/p - kobold
Aim: a kobold, wielding a +0 club (heavily wounded)
The blast of sand misses the kobold.
b - 38 stones The kobold hits you but does no damage.
Unknown command.
Are you sure you want to abandon this character and quit the game? (Confirm with "yes".)
Okay, then.
Are you sure you want to abandon this character and quit the game? (Confirm with "yes".)

#...... .≈# ## #......≈
#.#.....≈ ..# #.# #### .#
..# .# # #.# #.##
#.##.##.####.# ...##
#........@K..# ....#
..#.##.###### ...##
#..#.##.# ..##
#.......####### .##
##.#..........###########
.#
#.#.#####..............##
.# #.#.#
#................ .#
#.#.# #.##.###..####.##
.# #.#.# #.#........# #.#


You could see a kobold.

Vanquished Creatures
  A dart slug (D:1)
  A leopard gecko (D:1)
  A giant cockroach (D:1)
  A hobgoblin (D:1)
  A ball python (D:1)
  2 frilled lizards (D:1)
  2 kobolds (D:1)
  2 rats (D:1)
11 creatures vanquished.

Notes
Turn   | Place    | Note
-------+----------+-------------------------------------------
     0 | D:1      | Iamsoldier the Gargoyle Earth Elementalist began the quest
                  | for the Orb.
     0 | D:1      | Reached XP level 1. HP: 10/10 MP: 3/3
   571 | D:1      | Reached skill level 4 in Earth Magic
   571 | D:1      | Reached XP level 2. HP: 9/15 MP: 5/5
   936 | D:1      | Quit the game

Levels and vault maps discovered:
D:1:      kennysheep_arrival_seaside, layout_loops_ring, serial_rivers,
          chequers_serial_rivers_micro_b, chequers_serial_rivers_small_b,
          chequers_serial_rivers_micro_d, chequers_serial_rivers_micro_b,
          chequers_serial_rivers_micro_c, minmay_cut_off

Skill      XL: |  1 |
---------------+----+-----
Earth Magic    | 4 |  4.1
Fighting       | |  0.1
Dodging        | |  1.6
Stealth        | |  2.2
Unarmed Combat | |  0.1
Spellcasting   | |  2.2
Transmutations | |  0.7

Action                   || total
-------------------------++-------
Melee: Unarmed           ||    61
 Cast: Sandblast         ||    11
 Stab: Sleeping          ||     1
Armor: Robe              ||    23
Dodge: Dodged            ||    41
